AoeStats
← arkance

Arabia

510964190Analyzed
1v1 RM · 10h ago on Oct 3, 2026· 20m 44s· 2 players
Game mode
Random Map
Map size
Tiny (2 player)
Population
200
Speed
Normal
Resources
Standard
Victory
Conquest
Starting age
Dark Age
Ending age
Imperial Age
RankedLock teamsTeams togetherTeam positionsShared explorationLock speedFull tech treeHidden civsTurbo modeCheats
Victory
Defeat
🇫🇷 Magyars · France
1244
+15
🇬🇷 Tatars · Greece
1213
-15
Spercules
5:51 Loom
9:16 Feudal Age
10:07 Double-Bit Axe
17:05 Wheelbarrow
20:35 Castle Age
arkance
8:36 Feudal Age
9:29 Double-Bit Axe
11:18 Horse Collar
11:25 Loom
20:55 Castle Age
Connection lost

Rejoining the realm…

Still unreachable

The connection could not be restored.

Session expired

The server has moved on; the page needs a fresh start.